| TOP OF THE 1ST |
|
Chattanooga Lookouts batting - Pitching for Midland RockHounds : RHP Hunter Vanderhyden
|
|
Pitching: RHP Hunter Vanderhyden
|
|
|
Batting: LHB Peer Derks
|
0-0: Ball 1-0: Ball 2-0: Called Strike 2-1: Ball 3-1: Foul Ball, location: 2F 3-2: Ground out 4-3 (Groundball, 4, EV 103.1 MPH)
|
|
Batting: RHB Jesse Scott
|
0-0: Ball 1-0: Foul Ball, location: 2F 1-1: Foul Ball, location: 2F 1-2: Strikes out swinging
|
|
Batting: RHB Miguel Diaz
|
0-0: Called Strike 0-1: Foul Ball, location: 2F 0-2: SINGLE (Flyball, 9S, EV 88.1 MPH)
|
|
Batting: LHB Matt Robertson
|
0-0: Called Strike 0-1: Swinging Strike 0-2: Strikes out swinging
|
| Top of the 1st over - 0 runs, 1 hit, 0 errors, 1 left on base; Chattanooga 0 - Midland 0 |
| BOTTOM OF THE 1ST |
|
Midland RockHounds batting - Pitching for Chattanooga Lookouts : LHP Antoine Champagne
|
|
Pitching: LHP Antoine Champagne
|
|
|
Batting: RHB Luis Restrepo
|
0-0: Ball 1-0: Called Strike 1-1: Foul Ball, location: 2F 1-2: Fly out, F8 (Flyball, 8LD, EV 97.5 MPH)
|
|
Batting: SHB Rich Muniz
|
0-0: Fly out, F7 (Flyball, 7D, EV 93.8 MPH)
|
|
Batting: RHB Danny Heikkila
|
0-0: Ball 1-0: Ball 2-0: Ball 3-0: Called Strike 3-1: Fly out, F8 (Flyball, 8LM, EV 81.9 MPH)
|
| Bottom of the 1st over - 0 runs, 0 hits, 0 errors, 0 left on base; Chattanooga 0 - Midland 0 |
| TOP OF THE 2ND |
|
Chattanooga Lookouts batting - Pitching for Midland RockHounds : RHP Hunter Vanderhyden
|
|
Batting: RHB Manuel Juarez
|
0-0: Foul Ball, location: 2F 0-1: Ball 1-1: Called Strike 1-2: Ball 2-2: Strikes out swinging, 2-3 out at first.
|
|
Batting: RHB J.J. Powers
|
0-0: Called Strike 0-1: Ball 1-1: Foul Ball, location: 2F 1-2: Ball 2-2: Foul Ball, location: 2F 2-2: Strikes out swinging
|
|
Batting: LHB Jim Pankratz
|
0-0: Foul Ball, location: 2F 0-1: Ball 1-1: Ball 2-1: Ball 3-1: Swinging Strike 3-2: Foul Ball, location: 2F 3-2: Foul Ball, location: 2F 3-2: Foul Ball, location: 2F 3-2: Foul Ball, location: 2F 3-2: Ground out 5-3 (Groundball, 5, EV 105.0 MPH)
|
| Top of the 2nd over - 0 runs, 0 hits, 0 errors, 0 left on base; Chattanooga 0 - Midland 0 |
| BOTTOM OF THE 2ND |
|
Midland RockHounds batting - Pitching for Chattanooga Lookouts : LHP Antoine Champagne
|
|
Batting: RHB Jonathan Gallup
|
0-0: Ball 1-0: Called Strike 1-1: DOUBLE (Line Drive, 7LM, EV 105.6 MPH)
|
|
Batting: RHB Armando Estrada
|
0-0: Ball 1-0: SINGLE (Line Drive, 4M, EV 98.1 MPH) Jonathan Gallup to third
|
|
Batting: RHB Carlos Ballesteros
|
0-0: Foul Ball, location: 2F 0-1: Swinging Strike 0-2: Strikes out looking
|
|
Batting: LHB Billy Schultz
|
0-0: Foul Ball, location: 2F 0-1: Ball 1-1: Ball 2-1: Ball 3-1: Called Strike 3-2: Fly out, F8 (Flyball, 89D, EV 100.6 MPH) Runner from 3rd tags up, OUT at HOME! 8-2
|
| Bottom of the 2nd over - 0 runs, 2 hits, 0 errors, 1 left on base; Chattanooga 0 - Midland 0 |
| TOP OF THE 3RD |
|
Chattanooga Lookouts batting - Pitching for Midland RockHounds : RHP Hunter Vanderhyden
|
|
Batting: SHB Ian Thompson
|
0-0: Ball 1-0: Ball 2-0: Ball 3-0: Called Strike 3-1: Base on Balls
|
|
Batting: LHB Mike Handrahan
|
0-0: Ball 1-0: Called Strike Ian Thompson steals 2nd base 1-1: Ball 2-1: Foul Ball, location: 2F 2-2: Ball 3-2: Foul Ball, location: 2F 3-2: Foul Ball, location: 2F 3-2: SINGLE (Line Drive, 78S, EV 97.5 MPH) Ian Thompson to third
|
|
Batting: LHB Peer Derks
|
0-0: Called Strike 0-1: Called Strike 0-2: Foul Ball, location: 2F 0-2: Strikes out swinging
|
|
Batting: RHB Jesse Scott
|
0-0: Fly out, F4 (Line Drive, 4, EV 67.5 MPH)
|
|
Batting: RHB Miguel Diaz
|
0-0: Foul Ball, location: 2F 0-1: Called Strike 0-2: Reached via error on a dropped throw from 3B, E4 (Groundball, 56, EV 85.0 MPH) Ian Thompson scores Mike Handrahan to second
|
|
Batting: LHB Matt Robertson
|
0-0: Ball 1-0: Called Strike 1-1: Swinging Strike 1-2: Ball 2-2: Fly out, F8 (Flyball, 8RXD, EV 102.5 MPH)
|
| Top of the 3rd over - 1 run, 1 hit, 1 error, 2 left on base; Chattanooga 1 - Midland 0 |
| BOTTOM OF THE 3RD |
|
Midland RockHounds batting - Pitching for Chattanooga Lookouts : LHP Antoine Champagne
|
|
Batting: RHB Eduardo Chavez
|
0-0: Called Strike 0-1: Ball 1-1: SINGLE (Groundball, 6M, EV 104.4 MPH) (infield hit)
|
|
Batting: RHB Dunlang Clark
|
0-0: Foul Ball, location: 2F 0-1: Called Strike Eduardo Chavez steals 2nd base 0-2: Ball 1-2: Ball 2-2: Ball 3-2: Foul Ball, location: 2F 3-2: Foul Ball, location: 2F 3-2: Base on Balls
|
|
Batting: RHB Luis Restrepo
|
0-0: Ball 1-0: Ball 2-0: Called Strike 2-1: Foul Ball, location: 2F 2-2: SINGLE (Groundball, 56D, EV 101.2 MPH) Eduardo Chavez to third Dunlang Clark to second Runner from 3rd tries for Home, SAFE, throw by LF to home
|
|
Batting: SHB Rich Muniz
|
0-0: Called Strike Dunlang Clark steals 3rd base Luis Restrepo to second 0-1: SINGLE (Line Drive, 3D, EV 96.2 MPH) Dunlang Clark scores Luis Restrepo to third
|
|
Batting: RHB Danny Heikkila
|
0-0: Called Strike 0-1: Ball 1-1: Foul Ball, location: 2F 1-2: Ball 2-2: Foul Ball, location: 2F 2-2: Ground out 4-3 (Groundball, 4S, EV 69.4 MPH) Luis Restrepo scores Rich Muniz to second
|
|
Batting: RHB Jonathan Gallup
|
0-0: DOUBLE (Line Drive, 7LM, EV 109.4 MPH) Rich Muniz scores
|
|
Batting: RHB Armando Estrada
|
0-0: Ground out 6-3 (Groundball, 6, EV 82.5 MPH)
|
|
Batting: RHB Carlos Ballesteros
|
0-0: Ball 1-0: Ball 2-0: Foul Ball, location: 2F 2-1: Ball 3-1: Swinging Strike 3-2: Strikes out swinging
|
| Bottom of the 3rd over - 4 runs, 4 hits, 0 errors, 1 left on base; Chattanooga 1 - Midland 4 |
| TOP OF THE 4TH |
|
Chattanooga Lookouts batting - Pitching for Midland RockHounds : RHP Hunter Vanderhyden
|
|
Batting: RHB Manuel Juarez
|
0-0: Ball 1-0: Foul Ball, location: 2F 1-1: Called Strike 1-2: Ball 2-2: Ball 3-2: Foul Ball, location: 2F 3-2: Fly out, F2 (Popup, 13S, EV 81.2 MPH)
|
|
Batting: RHB J.J. Powers
|
0-0: Ball 1-0: Called Strike 1-1: Foul Ball, location: 2F 1-2: Ball 2-2: Foul Ball, location: 2F 2-2: Ball 3-2: Foul Ball, location: 2F 3-2: Ground out 6-3 (Groundball, 6, EV 100.6 MPH)
|
|
Batting: LHB Jim Pankratz
|
0-0: Ball 1-0: Ball 2-0: Called Strike 2-1: SINGLE (Groundball, 6M, EV 100.6 MPH) (infield hit)
|
|
Batting: SHB Ian Thompson
|
0-0: Called Strike Jim Pankratz steals 2nd base 0-1: Ball 1-1: Ball 2-1: Called Strike 2-2: Strikes out looking
|
| Top of the 4th over - 0 runs, 1 hit, 0 errors, 1 left on base; Chattanooga 1 - Midland 4 |
| BOTTOM OF THE 4TH |
|
Midland RockHounds batting - Pitching for Chattanooga Lookouts : LHP Antoine Champagne
|
|
Batting: LHB Billy Schultz
|
0-0: Ball 1-0: Fly out, F8 (Flyball, 8RD, EV 85.0 MPH)
|
|
Batting: RHB Eduardo Chavez
|
0-0: Called Strike 0-1: Called Strike 0-2: Fly out, F9 (Line Drive, 9LS, EV 91.9 MPH)
|
|
Batting: RHB Dunlang Clark
|
0-0: Ball 1-0: SINGLE (Groundball, 6MD, EV 101.2 MPH)
|
|
Batting: RHB Luis Restrepo
|
0-0: Ball 1-0: Ball 2-0: Ball 3-0: Called Strike 3-1: Base on Balls Dunlang Clark to second
|
|
Batting: SHB Rich Muniz
|
0-0: Foul Ball, location: 2F 0-1: Ball 1-1: Foul Ball, location: 2F 1-2: Ball 2-2: Ball 3-2: Foul Ball, location: 2F 3-2: Base on Balls Dunlang Clark to third Luis Restrepo to second
|
|
Batting: RHB Danny Heikkila
|
0-0: Swinging Strike 0-1: Foul Ball, location: 2F 0-2: Ball 1-2: Fly out, F4 (Flyball, 4D, EV 93.1 MPH)
|
| Bottom of the 4th over - 0 runs, 1 hit, 0 errors, 3 left on base; Chattanooga 1 - Midland 4 |
| TOP OF THE 5TH |
|
Chattanooga Lookouts batting - Pitching for Midland RockHounds : RHP Hunter Vanderhyden
|
|
Batting: LHB Mike Handrahan
|
0-0: Ball 1-0: Called Strike 1-1: Ball 2-1: Ball 3-1: Base on Balls
|
|
Batting: LHB Peer Derks
|
0-0: Ball 1-0: Ball 2-0: Foul Ball, location: 2F 2-1: Called Strike Mike Handrahan is caught stealing 2nd base 2-6 2-2: Ball 3-2: Foul Ball, location: 2F 3-2: TRIPLE (Line Drive, 8LXD, EV 103.1 MPH)
|
|
Pitching: RHP Josh Hebert
|
|
|
Pinch Runner at 3rd Seung-jun Chang:
|
|
|
Batting: RHB Jesse Scott
|
0-0: Ball 1-0: Foul Ball, location: 2F 1-1: Foul Ball, location: 2F 1-2: Ball 2-2: Foul Ball, location: 2F 2-2: Foul Ball, location: 2F 2-2: Foul Ball, location: 2F 2-2: Ground out 6-3 (Groundball, 56D, EV 92.5 MPH) Seung-jun Chang scores
|
|
Batting: RHB Miguel Diaz
|
0-0: Ball 1-0: SINGLE (Groundball, 56D, EV 106.9 MPH)
|
|
Batting: LHB Matt Robertson
|
0-0: Ball 1-0: Called Strike 1-1: Called Strike 1-2: Fielders Choice at 2nd, 6-4 (Groundball, 6, EV 91.9 MPH)
|
| Top of the 5th over - 1 run, 2 hits, 0 errors, 1 left on base; Chattanooga 2 - Midland 4 |
| BOTTOM OF THE 5TH |
|
Midland RockHounds batting - Pitching for Chattanooga Lookouts : LHP Antoine Champagne
|
|
Now in CF: Seung-jun Chang
|
|
|
Batting: RHB Jonathan Gallup
|
0-0: Ball 1-0: Ball 2-0: Called Strike 2-1: SINGLE (Groundball, 6MD, EV 99.4 MPH)
|
|
Batting: RHB Armando Estrada
|
0-0: Ball 1-0: Called Strike 1-1: SINGLE (Groundball, 4MD, EV 100.6 MPH) Jonathan Gallup to second
|
|
Batting: RHB Carlos Ballesteros
|
0-0: Called Strike 0-1: Ball 1-1: Foul Ball, location: 2F 1-2: Ball 2-2: Strikes out looking
|
|
Batting: LHB Billy Schultz
|
0-0: Ball 1-0: Grounds into double play, 3-6-3 (Groundball, 34, EV 100.0 MPH)
|
| Bottom of the 5th over - 0 runs, 2 hits, 0 errors, 1 left on base; Chattanooga 2 - Midland 4 |
| TOP OF THE 6TH |
|
Chattanooga Lookouts batting - Pitching for Midland RockHounds : RHP Josh Hebert
|
|
Batting: RHB Manuel Juarez
|
0-0: Fly out, F7 (Flyball, 7LM, EV 95.0 MPH)
|
|
Batting: RHB J.J. Powers
|
0-0: Called Strike 0-1: DOUBLE (Line Drive, 89D, EV 111.9 MPH) - OUT at third base trying to stretch hit.
|
|
Batting: LHB Jim Pankratz
|
0-0: Foul Ball, location: 2F 0-1: Ball 1-1: Ball 2-1: Foul Ball, location: 2F 2-2: Strikes out looking
|
| Top of the 6th over - 0 runs, 1 hit, 0 errors, 0 left on base; Chattanooga 2 - Midland 4 |
| BOTTOM OF THE 6TH |
|
Midland RockHounds batting - Pitching for Chattanooga Lookouts : LHP Antoine Champagne
|
|
Batting: RHB Eduardo Chavez
|
0-0: Ball 1-0: SINGLE (Line Drive, 7S, EV 92.5 MPH)
|
|
Batting: RHB Dunlang Clark
|
0-0: DOUBLE (Line Drive, 3D, EV 96.2 MPH) Eduardo Chavez to third
|
|
Batting: RHB Luis Restrepo
|
0-0: Ball 1-0: Ground out 6-3 (Groundball, 6, EV 88.1 MPH) Eduardo Chavez scores Dunlang Clark to third
|
|
Batting: SHB Rich Muniz
|
0-0: Ball 1-0: SINGLE (Groundball, 25, EV 66.2 MPH) (infield hit)
|
|
Pitching: LHP Mark Challinor
|
|
|
Batting: RHB Danny Heikkila
|
0-0: Called Strike 0-1: Ball 1-1: Foul Ball, location: 2F 1-2: Ball 2-2: DOUBLE (Line Drive, 9LM, EV 98.8 MPH) Dunlang Clark scores Rich Muniz to third
|
|
Batting: RHB Jonathan Gallup
|
0-0: Fly out, F7 (Line Drive, 78S, EV 109.4 MPH) Runner from 3rd tags up, OUT at HOME! 7-2
|
| Bottom of the 6th over - 2 runs, 4 hits, 0 errors, 1 left on base; Chattanooga 2 - Midland 6 |
| TOP OF THE 7TH |
|
Chattanooga Lookouts batting - Pitching for Midland RockHounds : RHP Josh Hebert
|
|
Batting: SHB Ian Thompson
|
0-0: Foul Ball, location: 2F 0-1: Foul Ball, location: 2F 0-2: SINGLE (Line Drive, 9S, EV 91.2 MPH)
|
|
Batting: LHB Mike Handrahan
|
0-0: Grounds into double play, 4-6-3 (Groundball, 4M, EV 106.9 MPH)
|
|
Batting: LHB Seung-jun Chang
|
0-0: Called Strike 0-1: Foul Ball, location: 2F 0-2: Strikes out swinging
|
| Top of the 7th over - 0 runs, 1 hit, 0 errors, 0 left on base; Chattanooga 2 - Midland 6 |
| BOTTOM OF THE 7TH |
|
Midland RockHounds batting - Pitching for Chattanooga Lookouts : LHP Mark Challinor
|
|
Batting: RHB Armando Estrada
|
0-0: SINGLE (Line Drive, 6D, EV 102.5 MPH)
|
|
Batting: RHB Carlos Ballesteros
|
0-0: Bunt missed! 0-1: Ball 1-1: Bunt missed! 1-2: Ball 2-2: Strikes out looking
|
|
Batting: LHB Billy Schultz
|
0-0: Ball 1-0: Ground out 4-3 (Groundball, 34, EV 100.0 MPH) Armando Estrada to second
|
|
Batting: RHB Eduardo Chavez
|
0-0: Intentional Walk
|
|
Batting: RHB Dunlang Clark
|
0-0: Foul Ball, location: 2F 0-1: Fielders Choice at 2nd, 6-4 (Groundball, 6, EV 85.6 MPH)
|
| Bottom of the 7th over - 0 runs, 1 hit, 0 errors, 2 left on base; Chattanooga 2 - Midland 6 |
| TOP OF THE 8TH |
|
Chattanooga Lookouts batting - Pitching for Midland RockHounds : RHP Josh Hebert
|
|
Pitching: RHP Mike Staley
|
|
|
Batting: RHB Jesse Scott
|
0-0: Called Strike 0-1: Called Strike 0-2: Ball 1-2: Ball 2-2: Strikes out swinging
|
|
Batting: RHB Miguel Diaz
|
0-0: Ball 1-0: Swinging Strike 1-1: Ground out 6-3 (Groundball, 6S, EV 91.2 MPH)
|
|
Batting: LHB Matt Robertson
|
0-0: Called Strike 0-1: Called Strike 0-2: Ball 1-2: Ball 2-2: Ball 3-2: Foul Ball, location: 2F 3-2: Foul Ball, location: 2F 3-2: Base on Balls
|
|
Batting: RHB Manuel Juarez
|
0-0: Called Strike 0-1: Ball 1-1: Ball 2-1: Ground out 4-3 (Groundball, 13, EV 80.6 MPH)
|
| Top of the 8th over - 0 runs, 0 hits, 0 errors, 1 left on base; Chattanooga 2 - Midland 6 |
| BOTTOM OF THE 8TH |
|
Midland RockHounds batting - Pitching for Chattanooga Lookouts : LHP Mark Challinor
|
|
Batting: RHB Luis Restrepo
|
0-0: Foul Ball, location: 2F 0-1: Swinging Strike 0-2: Ball 1-2: Ball 2-2: Foul Ball, location: 2F 2-2: Ground out U3 (Groundball, 34S, EV 92.5 MPH)
|
|
Batting: SHB Rich Muniz
|
0-0: Ball 1-0: Ball 2-0: Ball 3-0: Called Strike 3-1: Called Strike 3-2: Ground out 6-3 (Groundball, 6, EV 103.8 MPH)
|
|
Batting: RHB Danny Heikkila
|
0-0: Foul Ball, location: 2F 0-1: Foul Ball, location: 2F 0-2: Ball 1-2: SOLO HOME RUN (Flyball, 7D, EV 98.8 MPH), Distance : 376 ft
|
|
Batting: RHB Jonathan Gallup
|
0-0: Ball 1-0: Ball 2-0: SOLO HOME RUN (Flyball, 9D, EV 96.9 MPH), Distance : 375 ft
|
|
Batting: RHB Armando Estrada
|
0-0: Ground out 5-3 (Groundball, 56S, EV 85.0 MPH)
|
| Bottom of the 8th over - 2 runs, 2 hits, 0 errors, 0 left on base; Chattanooga 2 - Midland 8 |
| TOP OF THE 9TH |
|
Chattanooga Lookouts batting - Pitching for Midland RockHounds : RHP Mike Staley
|
|
Batting: RHB J.J. Powers
|
0-0: Called Strike 0-1: Foul Ball, location: 2F 0-2: Foul Ball, location: 2F 0-2: Ball 1-2: Ball 2-2: Ball 3-2: Ground out 6-3 (Groundball, 6D, EV 102.5 MPH)
|
|
Batting: LHB Jim Pankratz
|
0-0: Swinging Strike 0-1: Ball 1-1: Foul Ball, location: 2F 1-2: Ball 2-2: Strikes out looking
|
|
Batting: SHB Ian Thompson
|
0-0: Ball 1-0: Foul Ball, location: 2F 1-1: Foul Ball, location: 2F 1-2: Strikes out swinging
|
| Top of the 9th over - 0 runs, 0 hits, 0 errors, 0 left on base; Chattanooga 2 - Midland 8 |
|